 Dungeon Crawl Stone Soup version 0.14-a0-2061-g6c6fb9c (webtiles) character file.

249172 M4edhros the Whirler (level 20, -17/108 HPs)
             Began as an Octopode Hunter on Jan 22, 2014.
             Was an Elder of Fedhas.
             Demolished by a hell beast (23 damage)
             ... summoned by Geryon
             ... in the Vestibule of Hell on Jan 27, 2014.
             The game lasted 07:22:46 (65163 turns).

M4edhros the Whirler (Octopode Hunter)             Turns: 65163, Time: 07:22:46

HP -17/108       AC  2     Str  8      XL: 20   Next:  1%
MP   0/50        EV 27     Int 16      God: Fedhas [****..]
Gold 1094        SH 26     Dex 26      Spells: 11 memorised,  8 levels left

rFire  + + +     SeeInvis +     X - staff of energy
rCold  + + .     Clarity  .     Q - +0 shield
rNeg   . . .     Conserve .     I - +1 hat {rF+}
rPois  +         rCorr    .     p - cursed amulet of guardian spirit
rElec  +         rRot     .     e - ring of sustenance
SustAb . .       Spirit   +     U - ring of teleport control
rMut   .         Warding  .     t - ring of wizardry
Saprov . . .     Stasis   .     u - ring of magical power
MR     +....                    v - ring "Runleac" {Wiz Str-3}
                                B - ring of see invisible
                                z - ring "Schumur" {EV+4 Acc+2 Stlth+}
                                A - +2 ring of intelligence

@: liquid flames, repel missiles, about to teleport, agile, studying Slings,
glowing, somewhat resistant to hostile enchantments, fairly stealthy
A: almost no armour, amphibious, 8 rings, constrict 8, camouflage 1, cold
resistance 1, fire resistance 1, high mp 1, gelatinous body 1, evolution 1
a: Evolution, Sunlight, Growth, Reproduction, Renounce Religion, Evoke Teleport
Control
}: 1/15 runes: decaying


You were in the Vestibule of Hell.
You worshipped Fedhas.
Fedhas was greatly pleased with you.
You were near starving.

You visited 9 branches of the dungeon, and saw 42 of its levels.
You visited 1 bazaar.
You also visited: Ossuary and Volcano.

You collected 4338 gold pieces.
You spent 3244 gold pieces at shops.

Inventory:

Hand weapons
 b - a +4,+4 sling of velocity
 k - the +11,+6 long sword of the Extremes {elec, +Inv MR+ Stlth++}
   (You found it on level 12 of the Dungeon)

   Occasionally, upon striking a foe, it will discharge some electrical energy
   and cause terrible harm.
   It affects your resistance to hostile enchantments.
   It lets you turn invisible.
   It makes you much more stealthy.
 q - the +2,+5 hand axe "Rutosuoc" {chop, +Blink}
   (You bought it in a shop in a bazaar)

   It inflicts extra damage upon your enemies.
   It lets you blink.
 L - a +5,+8 sling of flame
Missiles
 c - 36 sling bullets
 j - 8 curare-tipped needles
 D - 29 steel sling bullets
 G - 24 silver sling bullets
 S - 40 stones (quivered)
 W - 31 exploding sling bullets
Armour
 I - a +1 hat of fire resistance (worn)
 Q - a +0 shield (worn)
Magical devices
 J - a wand of draining (4)
 P - a wand of teleportation (5)
 Z - a wand of invisibility (7)
Comestibles
 s - a choko
 M - 10 grapes
 N - 2 beef jerkies
Scrolls
 i - a scroll of magic mapping
 o - a scroll of teleportation
Jewellery
 e - a ring of sustenance (left tentacle)
 l - an uncursed ring of protection from cold
 p - a cursed amulet of guardian spirit (around mantle)
 t - a ring of wizardry (on tentacle)
 u - a ring of magical power (on tentacle)
 v - the ring "Runleac" (on tentacle) {Wiz Str-3}
   (You bought it in a shop on level 4 of the Orcish Mines)

   [ring of wizardry]

   It affects your strength (-3).
 y - an uncursed ring of magical power
 z - the ring "Schumur" (on tentacle) {EV+4 Acc+2 Stlth+}
   (You found it on level 2 of the Swamp)

   [ring of evasion]

   It affects your evasion (+4).
   It affects your accuracy (+2).
   It makes you much more stealthy.
 A - a +2 ring of intelligence (on tentacle)
 B - a ring of see invisible (on tentacle)
 U - a ring of teleport control (right tentacle)
Potions
 a - a potion of curing
 g - a potion of brilliance
 m - a potion of magic
 O - a potion of porridge
Books
 T - a manual of Slings
Magical staves
 X - an uncursed staff of energy (weapon)
Miscellaneous
 r - a legendary deck of defence {the Banshee}
 w - a lamp of fire (inert)
 H - a fan of gales (inert)
 K - a lantern of shadows


   Skills:
 - Level 1.0 Fighting
 - Level 18.4 Slings
 - Level 6.0 Dodging
 - Level 1.3 Stealth
 - Level 12.6 Shields
 - Level 12.1 Spellcasting
 - Level 6.0 Charms
 * Level 14.9 Summonings
 - Level 9.0 Necromancy
 - Level 1.2 Translocations
 - Level 4.4 Transmutations
 - Level 6.2 Fire Magic
 - Level 6.1 Air Magic
 - Level 1.2 Poison Magic
 - Level 14.4 Invocations
 + Level 2.7 Evocations


You had 8 spell levels left.
You knew the following spells:

 Your Spells              Type           Power        Failure   Level  Hunger
a - Corpse Rot            Necr           N/A          1%          2    None
b - Agony                 Necr           #####...     1%          5    None
c - Repel Missiles        Chrm/Air       ####......   1%          2    None
d - Swiftness             Chrm/Air       ####....     1%          2    None
e - Summon Hydra          Summ           ######....   4%          7    None
f - Portal Projectile     Tloc           ##....       2%          2    None
h - Summon Butterflies    Summ           ######..     0%          1    None
i - Ignite Poison         Fire/Trmt      ####......   8%          5    None
j - Inner Flame           Hex/Fire       ###.....     2%          3    None
k - Regeneration          Chrm/Necr      ####......   1%          3    None
l - Mephitic Cloud        Conj/Pois/Air  ###.....     2%          3    None


Dungeon Overview and Level Annotations

Branches:
Dungeon (16/16)            Temple (1/1) D:5             Orc (4/4) D:11
    Elf (3/3) Orc:3          Lair (8/8) D:11          Swamp (5/5) Lair:5
 Spider (0/5) Lair:4        Slime (0/6) Lair:7       Vaults (3/5) D:14
   Hell (1/1)              Depths (1/6) D:16
  Blade: Vaults:3-4   Crypt: Vaults:2-3     Dis: Hell:1         Geh: Hell:1
    Coc: Hell:1         Tar: Hell:1      Forest: Vaults:2-3

Altars:
Ashenzari
Cheibriados
Dithmengos
Elyvilon
Fedhas
Kikubaaqudgha
Makhleb
Nemelex Xobeh
Okawaru
Sif Muna
Trog
Vehumet
Xom
Yredelemnul
Zin
the Shining One
Beogh
Jiyva

Shops:
D:6 *   D:9 (   D:10 (   Orc:4 (*[=   Elf:2 :   Vaults:3 [

Portals:
Hell: Depths:1
Ziggurat: Depths:1
Trove: Vaults:1 (show horn of Geryon)

Annotations:
Hell Geryon


Innate Abilities, Weirdness & Mutations

You cannot wear most types of armour.
You are amphibious.
You can wear up to eight rings at the same time.
You can use your tentacles to constrict many enemies at once.
Your skin changes colour to match your surroundings (Stlth).
Your rubbery body absorbs attacks (AC +1).
Your flesh is cold resistant.
Your flesh is heat resistant.
You have an increased reservoir of magic (+10% MP).
You evolve.


Message History

Drink which item? (? for menu, Esc to quit)
You feel protected. The hell beast completely misses you.
The hell beast misses you. The ice devil hits you.
* * * LOW HITPOINT WARNING * * *
The ice devil freezes you! You resist.
One of your 2 potions of curing freezes and shatters!
* * * LOW HITPOINT WARNING * * *
The hell hog spits sticky flame at you.
The sticky flame is repelled.
The sticky flame hits the hell beast.
The hell beast is covered in liquid flames!
The hell hog spits sticky flame at you. The sticky flame hits you! You resist.
You are covered in liquid flames!
* * * LOW HITPOINT WARNING * * *
The iron devil hits your wandering mushroom!
The iron devil hits your wandering mushroom.
You block the lorocyproca's attack. The hell beast bites you!
You die...
Fedhas appreciates your contribution to the ecosystem.

≈≈≈ ...≈≈....
...≈≈....≈≈
...≈≈......≈≈
....≈...≈≈.....
.....≈..≈≈≈≈..≈≈
........≈≈≈4≈≈≈≈≈
........h..≈≈≈≈≈≈≈
.......2h@2z≈≈≈≈≈.
.......@23h2.......
.....f..2z222......
.........&z2f......
............4......
.........≈≈≈.......
........≈≈≈≈≈.....f
.......≈≈.≈≈......
...f..≈≈∩≈≈......


You could see Geryon (invisible), 8 hell beasts, a lorocyproca (invisible), 3
hell hogs, an ice devil, an iron devil, a necromancer, a red devil, an orange
rat zombie, 2 orange rat skeletons and a friendly wandering mushroom.

Vanquished Creatures
  Nikola (Swamp:2)
  A deep elf blademaster (Elf:3)
  2 deep elf master archers (Elf:3)
  Rupert (Lair:7)
  A vault warden (Vaults:1)
  2 deep elf sorcerers
  Maud (D:15)
  2 stone giants
  A deep elf demonologist (Elf:3)
  2 deep elf annihilators (Elf:3)
  A vault guard (Vaults:1)
  2 fire dragons (Vaults:1)
  4 ironheart preservers
  A great orb of eyes (Vaults:2)
  4 yaktaur captains
  2 ice dragons
  A small abomination (Vaults:1)
  15 hydras
  3 deep elf high priests (Elf:3)
  2 spectral elves (Elf:3)
  Erica (Lair:2)
  A ravenous feature mimic (Vaults:2)
  10 alligators
  11 death yaks
  3 ogre magi
  An orc high priest (Orc:4)
  2 fire crabs (shapeshifter)
  A rakshasa (D:15)
  Nergalle (Lair:1)
  A shadow wraith (Vaults:2)
  11 centaur warriors
  3 catoblepae (Lair:8)
  10 deep elf knights
  An iron troll (Vaults:2)
  4 skeletal warriors (D:16)
  5 unseen horrors
  A giant orange brain (Vaults:1)
  A flayed ghost (Vaults:1)
  9 hill giants
  9 swamp dragons
  6 orc knights
  An ironbrand convoker (Vaults:1)
  Pikel (D:6)
  A necromancer (D:16)
  A phantasmal warrior (D:16)
  6 deep elf conjurers
  6 deep trolls
  A red wasp (shapeshifter) (Vaults:1)
  3 orc sorcerers
  A sixfirhy (Elf:3)
  2 red wasps
  37 slime creatures
  A stone golem (Vaults:1)
  4 cyclopes
  12 griffons
  A spiny worm (D:16)
  5 black mambas
  5 elephants
  2 vault sentinels (Vaults:1)
  8 deep elf summoners
  An octopode (shapeshifter) (Vaults:2)
  14 spiny frogs
  3 formicids (Lair:2)
  13 yaktaurs
  9 deep elf priests
  An efreet (D:16)
  8 komodo dragons
  A hellwing (Elf:3)
  Grinder (D:6)
  2 wandering mushrooms
  3 trolls
  2 komodo dragons (shapeshifter)
  A polar bear (D:15)
  Sonja (D:12)
  19 giant leeches
  8 two-headed ogres
  A fire drake (Lair:8)
  19 blink frogs
  4 boulder beetles
  2 hydra skeletons (D:14)
  3 baby alligators (Swamp:5)
  22 deep elf magi
  A bog body (Swamp:1)
  5 basilisks
  46 yaks
  A shadow (D:14)
  A baby alligator (shapeshifter) (Vaults:2)
  59 ugly things
  A stone giant simulacrum (Vaults:3)
  A trapdoor spider (Lair:4)
  4 wyverns
  2 vampires (D:16)
  A trapdoor spider (shapeshifter) (Elf:3)
  2 fire elementals (D:14)
  2 elephant slugs
  23 orc warriors
  A hog (D:15)
  A hog (shapeshifter) (Vaults:2)
  7 hippogriffs
  A steam dragon (D:14)
  4 hungry ghosts
  2 sharks
  An ugly thing skeleton (D:16)
  Grum (D:8)
  20 deep elf fighters
  32 vampire mosquitoes
  A hill giant skeleton (D:11)
  A soldier ant (Vaults:1)
  39 swamp worms
  Edmund (D:9)
  The ghost of M4edhros the Vandal, an average OpHu (D:3)
  10 wolves
  3 manticores
  2 mottled dragons
  A freezing wraith (Vaults:1)
  An orange crystal statue (D:13)
  3 porcupines
  3 ice beasts
  2 hell hounds (D:14)
  6 sky beasts
  A fire dragon simulacrum (D:15)
  16 swamp drakes
  A black bear (D:6)
  13 centaurs
  A tengu (Depths:1)
  35 ogres
  5 phantoms
  2 slaves (D:6)
  A warg (Orc:2)
  A boring beetle (Lair:7)
  5 giant goldfish
  A yellow wasp (D:11)
  8 giant slugs
  A big kobold (D:9)
  26 giant frogs
  An elf zombie (Ossuary)
  5 gnoll sergeants (D:9)
  14 insubstantial wisps
  Blork the orc (D:9)
  A silver statue (D:13)
  3 yaktaur skeletons
  13 crocodiles
  19 water moccasins
  10 agate snails
  3 wyvern skeletons
  A cyclops (shapeshifter) (D:16)
  15 killer bees
  A yak skeleton (D:12)
  2 eyes of draining
  2 jellyfish (Swamp:1)
  A troll skeleton (D:12)
  4 wights (D:9)
  8 goliath beetles
  A spider (D:9)
  2 jellies
  26 orc priests
  7 electric eels
  19 hounds
  A black bear zombie (D:6)
  5 crimson imps
  Crazy Yiuf (D:7)
  A giant frog skeleton (D:7)
  9 iguanas
  21 orc wizards
  4 big fish
  3 gnoll shamans (D:9)
  5 scorpions
  16 worker ants
  17 sheep
  A cyclops simulacrum (D:16)
  A big kobold zombie (Ossuary)
  3 boggarts (Vaults:1)
  6 mummies
  25 gnolls (D:9)
  16 green rats
  19 adders
  4 giant centipedes
  A steam dragon skeleton (D:9)
  7 worms
  2 giant mites
  An inept feature mimic (D:4)
  2 white imps (Lair:7)
  An adder zombie (Ossuary)
  An adder skeleton (D:3)
  5 giant eyeballs
  10 giant geckos
  176 orcs
  3 ball pythons
  23 bats
  A bat skeleton (D:8)
  9 giant cockroaches
  27 goblins
  25 hobgoblins
  12 kobolds
  14 quokkas
  6 giant newts
  3 giant spores
  A goblin zombie (Ossuary)
  An illusory rakshasa (D:15)
  25 jackals
  3 jackal zombies (Ossuary)
  4 kobold zombies (Ossuary)
  2 orc zombies
  A quokka skeleton (D:7)
  A quokka zombie (D:7)
  31 rats
  3 spectral orcs (Lair:1)
  A ballistomycete (D:6)
  A crawling corpse (Vaults:1)
  3 plants
  3 toadstools (D:15)
1513 creatures vanquished.

Vanquished Creatures (collateral kills)
  Saint Roka (Orc:4)
  A deep elf master archer (Elf:3)
  A deep elf blademaster (Elf:3)
  A sphinx (Vaults:3)
  Kirke (D:15)
  A frost giant (Depths:1)
  4 deep elf sorcerers (Elf:3)
  Aizul (Depths:1)
  4 vault wardens
  3 stone giants (Depths:1)
  3 deep elf demonologists (Elf:3)
  Azrael (D:14)
  10 deep elf annihilators (Elf:3)
  3 deep elf death magi (Elf:3)
  An ettin (Vaults:2)
  2 vault guards
  3 deep elf high priests (Elf:3)
  2 fire dragons
  The ghost of Faustar the Arsonist, a powerful DECj of Vehumet (Lair:4)
  A great orb of eyes (Vaults:3)
  An ice dragon (Depths:1)
  3 yaktaur captains
  Harold (D:11)
  15 hydras
  4 ogre magi
  2 deep troll earth magi (Depths:1)
  An alligator (Swamp:1)
  An orc high priest (Vaults:2)
  17 death yaks
  2 tengu warriors (Depths:1)
  Urug (D:11)
  A spectral elf (Elf:3)
  A catoblepas (Lair:2)
  A hell hog (Hell)
  6 deep elf knights
  10 centaur warriors
  3 deep trolls
  An iron troll (Vaults:3)
  2 skeletal warriors (D:16)
  2 ironbrand convokers
  An ice devil (Hell)
  9 elephants
  Erolcha (D:9)
  7 swamp dragons
  2 hill giants (Depths:1)
  An anaconda skeleton (Hell)
  4 deep elf conjurers
  2 giant amoebae
  Joseph (Orc:2)
  3 orc sorcerers
  4 orc knights
  8 wandering mushrooms
  A wolf spider (Vaults:3)
  A griffon (Vaults:2)
  A spiny worm (Vaults:1)
  Maurice (Orc:2)
  A deep elf summoner (Elf:3)
  8 spiny frogs
  3 vault sentinels (Vaults:3)
  7 yaktaurs
  A demonic crawler (Elf:3)
  A red devil (Orc:4)
  A tengu conjurer (Depths:1)
  A fire drake (Lair:5)
  A giant firefly (shapeshifter) (Depths:1)
  A komodo dragon (D:9)
  A spriggan (Vaults:3)
  2 trolls
  A baby alligator (shapeshifter) (Depths:1)
  3 two-headed ogres
  7 blink frogs
  A boulder beetle (Vaults:2)
  16 ugly things
  A grizzly bear (Lair:4)
  18 slime creatures
  A formicid (Lair:2)
  5 giant leeches
  A grizzly bear (shapeshifter) (Vaults:1)
  A trapdoor spider (shapeshifter) (Depths:1)
  A tarantella (Elf:3)
  5 deep elf magi (Elf:3)
  A griffon skeleton (D:11)
  2 trapdoor spiders (Lair:4)
  14 yaks
  2 hungry ghosts
  3 water elementals (Depths:1)
  2 sharks
  An elephant slug (D:11)
  Eustachio (D:9)
  3 wolves
  A neqoxec (D:15)
  A hog (D:15)
  4 deep elf fighters
  10 vampire mosquitoes
  3 hippogriffs
  A merfolk (shapeshifter) (Vaults:1)
  4 swamp worms
  2 mottled dragons
  A soldier ant (D:9)
  8 swamp drakes
  A phantom (D:11)
  17 orc warriors
  12 ogres
  A giant goldfish (Swamp:2)
  A black bear (D:15)
  A rotting devil (Depths:1)
  2 tengu (Depths:1)
  3 crocodiles
  3 centaurs (Depths:1)
  6 water moccasins
  3 wargs
  3 giant frogs
  15 insubstantial wisps
  8 agate snails
  4 killer bees
  A wight (D:9)
  A jellyfish (Swamp:5)
  A troll skeleton (Orc:4)
  A goliath beetle (D:9)
  4 orc priests
  10 orc wizards
  A worker ant (Lair:2)
  3 orange rats
  A sheep (Lair:8)
  A mottled dragon zombie (D:15)
  2 adders
  7 gnolls (D:9)
  5 green rats
  A white imp (Vaults:3)
  2 worms
  An ufetubus (Vaults:2)
  58 orcs
  A bat (Lair:6)
  A goblin (Orc:2)
  2 hobgoblins (Orc:2)
  A jackal (D:9)
  A quokka (Lair:4)
  5 giant spores
  7 orc skeletons (Orc:4)
  3 spectral orcs (Lair:1)
  2 toadstools
523 creatures vanquished.

Vanquished Creatures (others)
  A deep elf high priest (Elf:3)
  13 hydras
  A hyperactive ballistomycete (Swamp:5)
  A plague shambler (D:16)
  2 deep elf knights (Elf:3)
  8 oklob plants
  An air elemental (Vaults:3)
  A polar bear (D:15)
  A yaktaur (Vaults:1)
  95 wandering mushrooms
  A raven (Swamp:5)
  9 bog bodies
  An ugly thing (D:15)
  2 fire elementals
  A hippogriff (Lair:8)
  3 humans (D:15)
  A yak (D:16)
  A slave (D:6)
  A giant goldfish (Swamp:5)
  A tengu (Depths:1)
  A giant frog (D:15)
  A killer bee zombie (D:6)
  2 brain worm zombies
  6 green rats (Lair:8)
  A scorpion zombie (D:10)
  2 orcs (Orc:4)
  A hobgoblin (D:6)
  A giant newt (Lair:2)
  6 giant spores
  8 ballistomycetes
  7 butterflies
  13 fungi
  4 plants
  1164 toadstools
1362 creatures vanquished.

Grand Total: 3398 creatures vanquished

Notes
Turn   | Place    | Note
--------------------------------------------------------------
     0 | D:1      | M4edhros, the Octopode Hunter, began the quest for the Orb.
     0 | D:1      | Reached XP level 1. HP: 13/13 MP: 1/1
   209 | D:1      | Reached XP level 2. HP: 18/18 MP: 2/2
   699 | D:1      | Reached XP level 3. HP: 23/23 MP: 3/3
   925 | D:1      | Reached skill level 5 in Slings
  1235 | D:2      | Found a shadowy altar of Dithmengos.
  1620 | D:2      | Reached XP level 4. HP: 25/28 MP: 4/4
  1799 | D:2      | Found a blossoming altar of Fedhas.
  1957 | D:3      | Noticed M4edhros' ghost (average OpHu)
  2206 | D:3      | Killed M4edhros' ghost
  2206 | D:3      | Reached skill level 6 in Slings
  2206 | D:3      | Reached XP level 5. HP: 31/31 MP: 5/5
  2308 | D:3      | Reached skill level 7 in Slings
  2308 | D:3      | Reached XP level 6. HP: 36/36 MP: 6/6
  3097 | D:4      | HP: 1/38 [poison (a potion of poison)]
  3122 | D:4      | HP: 1/38 [poison (a potion of poison)]
  3217 | D:4      | Gained mutation: You tend to lose your temper in combat. [potion of mutation]
  3217 | D:4      | Gained mutation: You are frail (-10% HP). [potion of mutation]
  3217 | D:4      | Gained mutation: Your muscles are strong. (Str +2) [potion of mutation]
  3312 | D:4      | Found a sand-covered staircase.
  3417 | Ossuary  | Entered an ossuary
  3534 | Ossuary  | Reached skill level 8 in Slings
  3553 | Ossuary  | Reached XP level 7. HP: 24/38 MP: 7/7
  4536 | D:4      | Reached skill level 9 in Slings
  4742 | D:5      | Entered Level 5 of the Dungeon
  4810 | D:5      | Reached XP level 8. HP: 43/43 MP: 8/8
  4818 | D:5      | Reached skill level 10 in Slings
  5099 | D:5      | Learned a level 2 spell: Corpse Rot
  5295 | D:5      | Reached skill level 1 in Necromancy
  5309 | D:5      | Noticed a moth of wrath
  5398 | D:5      | Found a staircase to the Ecumenical Temple.
  5404 | Temple   | Entered the Ecumenical Temple
  5667 | D:6      | Noticed Pikel
  5686 | D:6      | Killed Pikel
  5686 | D:6      | Reached skill level 11 in Slings
  5686 | D:6      | Reached XP level 9. HP: 31/47 MP: 9/9
  6124 | D:6      | Reached skill level 5 in Necromancy
  6135 | D:6      | Learned a level 5 spell: Agony
  6359 | D:6      | Found Buunem's Assorted Antiques.
  6428 | D:6      | Bought 2 smoky inky potions for 46 gold pieces
  6428 | D:6      | Bought a pink potion for 23 gold pieces
  6428 | D:6      | Bought a ring of evasion for 52 gold pieces
  6696 | D:6      | Noticed Grinder
  6706 | D:6      | Killed Grinder
  7041 | D:7      | Reached skill level 12 in Slings
  7412 | D:7      | Reached XP level 10. HP: 52/52 MP: 10/10
  7517 | D:7      | Noticed Crazy Yiuf
  7532 | D:7      | Killed Crazy Yiuf
  7858 | D:2      | Became a worshipper of Fedhas Madash
  7953 | D:5      | Found a bloodstained altar of Trog.
  8686 | D:8      | Found a snail-covered altar of Cheibriados.
  8804 | D:8      | Acquired Fedhas' first power
  8925 | D:8      | Reached skill level 1 in Spellcasting
  9348 | D:8      | Noticed Grum
  9368 | D:8      | Killed Grum
  9750 | D:9      | Acquired Fedhas' second power
  9771 | D:9      | Reached skill level 13 in Slings
 10231 | D:9      | Noticed Edmund
 10248 | D:9      | Killed Edmund
 10354 | D:9      | Reached XP level 11. HP: 56/56 MP: 21/21
 10511 | D:9      | Reached skill level 1 in Invocations
 10543 | D:9      | Noticed Eustachio
 10560 | D:9      | Killed Eustachio
 10708 | D:9      | Acquired Fedhas' third power
 10879 | D:9      | Paralysed by a giant eyeball for 3 turns
 10925 | D:9      | Found Ceygab's Antique Weapon Shop.
 10948 | D:9      | Bought a runed spear for 96 gold pieces
 11368 | D:9      | Noticed Blork the orc
 11382 | D:9      | Killed Blork the orc
 11465 | D:9      | Noticed Erolcha
 11483 | D:9      | Killed Erolcha
 11999 | D:10     | Entered Level 10 of the Dungeon
 12319 | D:10     | Acquired Fedhas' fourth power
 12400 | D:10     | Reached skill level 5 in Spellcasting
 12591 | D:10     | Reached skill level 1 in Shields
 12898 | D:11     | Gained mutation: You are agile. (Dex +2) [mutagenic meat]
 12899 | D:11     | Gained mutation: You have a fast metabolism. [mutagenic meat]
 12900 | D:11     | Gained mutation: Your flesh is cold resistant. [mutagenic meat]
 13150 | D:11     | Found a staircase to the Lair.
 13187 | D:11     | Noticed a seven-headed hydra
 13200 | D:11     | Killed a seven-headed hydra
 13200 | D:11     | Reached skill level 5 in Invocations
 13320 | D:11     | Found a staircase to the Orcish Mines.
 13714 | D:11     | Noticed Urug
 13725 | D:11     | Killed Urug
 13725 | D:11     | Reached XP level 12. HP: 61/61 MP: 24/25
 13728 | D:11     | Noticed Harold
 13733 | D:11     | Killed Harold
 14157 | Lair:1   | Entered Level 1 of the Lair of Beasts
 14170 | Lair:1   | Noticed Nergalle
 14327 | Lair:1   | Killed Nergalle
 14327 | Lair:1   | Reached skill level 5 in Shields
 14899 | Lair:1   | Identified a scroll of acquirement
 15268 | Lair:2   | Reached skill level 14 in Slings
 15766 | Lair:2   | Noticed Erica
 15772 | Lair:2   | Identified the Volume of Scorching Companions (You found it on level 2 of the Lair of Beasts)
 15800 | Lair:2   | Killed Erica
 15927 | Lair:2   | Paralysed by a potion of paralysis for 3 turns
 16997 | Lair:3   | Acquired Fedhas' fifth power
 17235 | Lair:4   | Noticed Faustar's ghost (powerful DECj)
 17257 | Lair:4   | Killed Faustar's ghost
 17466 | Lair:4   | Reached XP level 13. HP: 57/64 MP: 27/27
 17916 | Lair:4   | Found a hole to the Spider Nest.
 19270 | Lair:5   | Reached skill level 10 in Invocations
 19454 | Lair:5   | Found a staircase to the Swamp.
 20331 | Lair:6   | Found a snail-covered altar of Cheibriados.
 21398 | Lair:7   | Lost mutation: You have a fast metabolism. [potion of cure mutation]
 21398 | Lair:7   | Lost mutation: You are frail (-10% HP). [potion of cure mutation]
 21398 | Lair:7   | Lost mutation: You are agile. (Dex +2) [potion of cure mutation]
 21398 | Lair:7   | Lost mutation: Your muscles are strong. (Str +2) [potion of cure mutation]
 21398 | Lair:7   | Lost mutation: You tend to lose your temper in combat. [potion of cure mutation]
 22042 | Lair:7   | Found a viscous altar of Jiyva.
 22042 | Lair:7   | Found a staircase to the Slime Pits.
 22066 | Lair:7   | Noticed Rupert
 22186 | Lair:7   | Killed Rupert
 22186 | Lair:7   | Reached XP level 14. HP: 79/79 MP: 19/29
 22415 | Lair:8   | Entered Level 8 of the Lair of Beasts
 22584 | Lair:8   | Reached skill level 10 in Shields
 23020 | Lair:8   | Reached skill level 15 in Slings
 24449 | Lair:8   | Got a vibrating bronze ring
 24453 | Lair:8   | Identified Plin's Disquisition on Snow
 24454 | Lair:8   | Identified the ring of Huskirak {Str+4 Int-3 SInv} (You found it on level 8 of the Lair of Beasts)
 24969 | Orc:1    | Entered Level 1 of the Orcish Mines
 24987 | Orc:1    | Found a dark tunnel.
 25191 | Volcano  | Entered a volcano
 25229 | Volcano  | Reached XP level 15. HP: 71/83 MP: 31/31
 25701 | Orc:3    | Found a staircase to the Elven Halls.
 26119 | Orc:4    | Entered Level 4 of the Orcish Mines
 26656 | Orc:4    | Found a roughly hewn altar of Beogh.
 26656 | Orc:4    | Noticed Saint Roka
 26914 | Orc:4    | Killed Saint Roka
 27137 | Orc:4    | Found Utau's Antique Weapon Shop.
 27278 | Orc:4    | Found Wixupekh's Jewellery Shop.
 27300 | Orc:4    | Found Triugogra's Antique Armour Shop.
 27334 | Orc:4    | Found Teyg's General Store.
 27340 | Orc:4    | Bought 16 grapes for 22 gold pieces
 27686 | Orc:3    | Found a bloodstained altar of Trog.
 27821 | Orc:2    | Noticed Maurice
 27830 | Orc:2    | Killed Maurice
 28777 | Orc:2    | Found a shimmering altar of Xom.
 28921 | Orc:2    | Noticed Joseph
 28931 | Orc:2    | Killed Joseph
 29431 | Swamp:1  | Entered Level 1 of the Swamp
 31655 | Elf:1    | Entered Level 1 of the Elven Halls
 32506 | Elf:2    | Found Azxu's Book Emporium.
 32801 | Elf:2    | Bought a manual of Slings for 1324 gold pieces
 32801 | Elf:2    | Bought a book of Air for 420 gold pieces
 32821 | Elf:2    | Learned a level 2 spell: Repel Missiles
 32824 | Elf:2    | Learned a level 2 spell: Swiftness
 32828 | Elf:2    | Learned a level 3 spell: Flight
 32951 | Elf:3    | Entered Level 3 of the Elven Halls
 33176 | Elf:3    | Reached skill level 1 in Air Magic
 33298 | Elf:3    | Reached skill level 1 in Charms
 33844 | Elf:3    | Reached XP level 16. HP: 47/89 MP: 29/32
 33857 | Elf:3    | Reached skill level 16 in Slings
 34467 | Elf:3    | Noticed a deep elf sorcerer
 34478 | Elf:3    | Killed a deep elf sorcerer
 34492 | Elf:3    | Noticed a deep elf sorcerer
 34495 | Elf:3    | Killed a deep elf sorcerer
 34575 | Elf:3    | Noticed a deep elf master archer
 34584 | Elf:3    | Killed a deep elf master archer
 34590 | Elf:3    | Noticed a deep elf sorcerer
 34592 | Elf:3    | Killed a deep elf sorcerer
 34592 | Elf:3    | Reached skill level 5 in Dodging
 34651 | Elf:3    | Noticed a deep elf sorcerer
 34655 | Elf:3    | Killed a deep elf sorcerer
 34743 | Elf:3    | Noticed a deep elf blademaster
 35165 | Elf:3    | Noticed an Ice Fiend
 35232 | Elf:3    | Reached skill level 5 in Air Magic
 35277 | Elf:3    | Noticed a deep elf master archer
 35315 | Elf:3    | Identified the Volume of the Traveller
 35319 | Elf:3    | Learned a level 2 spell: Portal Projectile
 35329 | Elf:3    | Identified Oniciot's Collected Works on Snow and Combat Magic
 35331 | Elf:3    | Identified Mantat's Catalogue of Snow (You found it on level 3 of the Elven Halls)
 35333 | Elf:3    | Identified Ski Reqe's Advanced Witchery
 35382 | Elf:3    | Killed a deep elf master archer
 35382 | Elf:3    | Reached skill level 5 in Charms
 35876 | Elf:3    | Noticed a deep elf sorcerer
 35898 | Elf:3    | Killed a deep elf sorcerer
 35946 | Elf:3    | Noticed a deep elf blademaster
 35973 | Elf:3    | Killed a deep elf blademaster
 36084 | Elf:3    | Noticed a deep elf master archer
 36104 | Elf:3    | Killed a deep elf master archer
 36450 | Elf:3    | Learned a level 3 spell: Call Canine Familiar
 36454 | Elf:3    | Learned a level 1 spell: Summon Butterflies
 36559 | Elf:3    | Identified a +2 rod of demonology (10/10) (You took it off a deep elf demonologist on level 3 of the Elven Halls)
 36650 | Elf:3    | Killed a deep elf blademaster
 36789 | Elf:3    | Got a transparent war axe
 36790 | Elf:3    | Identified the cursed -2,-2 war axe of the Dwarven Hall {chop, +Fly rF++} (You took it off a deep elf annihilator on level 3 of the Elven Halls)
 37035 | Elf:3    | Reached skill level 1 in Summonings
 37243 | Elf:3    | Reached skill level 1 in Translocations
 37428 | Elf:3    | Learned a level 5 spell: Ignite Poison
 37832 | Lair:6   | Learned a level 3 spell: Inner Flame
 37989 | Swamp:1  | Reached skill level 1 in Evocations
 38900 | Swamp:2  | Reached skill level 1 in Fire Magic
 39006 | Swamp:2  | Noticed Nikola
 40111 | Swamp:2  | Killed Nikola
 40111 | Swamp:2  | Reached XP level 17. HP: 20/93 MP: 9/33
 40731 | Swamp:2  | Got a brightly glowing platinum ring
 41762 | Swamp:3  | Reached skill level 17 in Slings
 42260 | Swamp:3  | Learned a level 3 spell: Regeneration
 42264 | Swamp:3  | Learned a level 3 spell: Mephitic Cloud
 42312 | Swamp:3  | Reached skill level 10 in Spellcasting
 42551 | Swamp:3  | Paralysed by a red wasp for 3 turns
 43228 | Swamp:4  | Identified the ring "Schumur" {EV+4 Acc+2 Stlth+} (You found it on level 2 of the Swamp)
 43853 | Swamp:5  | Entered Level 5 of the Swamp
 44219 | Swamp:5  | Reached skill level 5 in Fire Magic
 44266 | Swamp:5  | Reached skill level 5 in Summonings
 44625 | Swamp:5  | Got a decaying rune of Zot
 44753 | Swamp:5  | Noticed a tentacled monstrosity
 48020 | Elf:3    | Learned a level 7 spell: Summon Hydra
 48415 | D:12     | Noticed Sonja
 48515 | D:12     | Killed Sonja
 48740 | D:12     | Found an iron altar of Okawaru.
 48929 | D:12     | Reached skill level 1 in Transmutations
 49165 | D:12     | Got a brightly glowing long sword
 49267 | D:12     | Got a dazzling whip
 49343 | D:12     | Identified the +5,+6 whip of True Grit {freeze, +Blink +Rage Dex-1 Stlth++} (You found it on level 12 of the Dungeon)
 49344 | D:12     | Identified the +11,+6 long sword of the Extremes {elec, +Inv MR+ Stlth++} (You found it on level 12 of the Dungeon)
 49499 | D:12     | Reached XP level 18. HP: 99/99 MP: 35/35
 50179 | D:13     | Gained mutation: You are resistant to hostile enchantments. [mutagenic meat]
 50598 | D:13     | Gained mutation: Your vision is a little blurry. [mutagenic meat]
 50599 | D:13     | Gained mutation: You are frail (-10% HP). [mutagenic meat]
 50980 | D:13     | Gained mutation: You have a fast metabolism. [mutagenic meat]
 51435 | D:14     | Found a glowing golden altar of the Shining One.
 51767 | D:14     | Reached skill level 18 in Slings
 52483 | D:14     | Found a gate to the Vaults.
 52748 | D:14     | Noticed Azrael
 52782 | D:14     | Killed Azrael
 52942 | D:15     | Entered Level 15 of the Dungeon
 52963 | D:15     | Noticed Kirke
 53088 | D:15     | Killed Kirke
 53340 | D:15     | Gained mutation: You are clumsy. (Dex -2) [mutagenic meat]
 53341 | D:15     | Lost mutation: Your vision is a little blurry. [potion of cure mutation]
 53341 | D:15     | Lost mutation: You are frail (-10% HP). [potion of cure mutation]
 53341 | D:15     | Lost mutation: You have a fast metabolism. [potion of cure mutation]
 53341 | D:15     | Lost mutation: You are resistant to hostile enchantments. [potion of cure mutation]
 53341 | D:15     | Lost mutation: You are clumsy. (Dex -2) [potion of cure mutation]
 53629 | D:15     | Noticed Maud
 53639 | D:15     | Killed Maud
 53714 | D:15     | Got a slimy lajatang
 54150 | D:16     | Entered Level 16 of the Dungeon
 55083 | D:16     | Reached skill level 1 in Poison Magic
 55249 | D:16     | Identified the cursed -2,+1 lajatang "Umuur" {venom, +Inv +Fly rElec rN+} (You found it on level 15 of the Dungeon)
 55255 | D:16     | Identified a +1 rod of destruction (13/13) (You found it on level 16 of the Dungeon)
 55430 | D:16     | Found a staircase to the Depths.
 55996 | D:16     | Found a sparkling altar of Nemelex Xobeh.
 56259 | Vaults:1 | Entered Level 1 of the Vaults
 56358 | Vaults:1 | Reached skill level 10 in Summonings
 56545 | Vaults:1 | Reached XP level 19. HP: 103/103 MP: 31/37
 56571 | Vaults:1 | Gained mutation: You are partially covered in rugged brown scales (AC +1, +3% HP). [mutagenic meat]
 56573 | Vaults:1 | Gained mutation: You evolve. [mutagenic meat]
 56702 | Vaults:1 | Gained mutation: You are frail (-10% HP). [mutagenic meat]
 56703 | Vaults:1 | Lost mutation: You are frail (-10% HP). [mutagenic meat]
 56876 | Vaults:1 | Found a portal to a secret trove of treasure.
 57002 | Vaults:1 | Paralysed by a red wasp for 3 turns
 57166 | Vaults:1 | Gained mutation: You have an increased reservoir of magic (+10% MP). [evolution]
 57858 | Vaults:1 | Gained mutation: You are frail (-10% HP). [mutagenic meat]
 57859 | Vaults:1 | Gained mutation: You are weak. (Str -2) [mutagenic meat]
 59856 | Orc:4    | Bought the ring "Runleac" {Wiz Str-3} for 420 gold pieces
 61638 | Vaults:3 | Found Vosocw's Armour Emporium.
 62360 | Vaults:3 | Gained mutation: You are very weak. (Str -4) [mutagenic glow]
 63016 | Orc:4    | Lost mutation: You are frail (-10% HP). [potion of cure mutation]
 63016 | Orc:4    | Lost mutation: You are very weak. (Str -4) [potion of cure mutation]
 63016 | Orc:4    | Lost mutation: You are weak. (Str -2) [potion of cure mutation]
 63016 | Orc:4    | Lost mutation: Your flesh is cold resistant. [potion of cure mutation]
 63016 | Orc:4    | Lost mutation: You are partially covered in rugged brown scales (AC +1, +3% HP). [potion of cure mutation]
 63246 | Depths:1 | Entered Level 1 of the Depths
 63246 | Depths:1 | Found a flickering gateway to a bazaar.
 63277 | Bazaar   | Entered a bazaar
 63279 | Bazaar   | Found Wapreimp's Magic Scroll Emporium.
 63285 | Bazaar   | Found Veacris' Assorted Antiques.
 63291 | Bazaar   | Found Umaapn Ataj's General Store.
 63297 | Bazaar   | Found Clumumoc's Antique Weapon Emporium.
 63343 | Bazaar   | Found Iwew's Distillery.
 63350 | Bazaar   | Bought a potion of curing for 14 gold pieces
 63350 | Bazaar   | Bought a potion of agility for 17 gold pieces
 63350 | Bazaar   | Bought a potion of magic for 49 gold pieces
 63350 | Bazaar   | Bought 2 potions of heal wounds for 42 gold pieces
 63350 | Bazaar   | Bought a potion of heal wounds for 21 gold pieces
 63350 | Bazaar   | Bought 2 potions of curing for 28 gold pieces
 63369 | Bazaar   | Bought a scroll of teleportation for 42 gold pieces
 63369 | Bazaar   | Bought a scroll of enchant weapon II for 77 gold pieces
 63383 | Bazaar   | Bought a potion of magic for 70 gold pieces
 63383 | Bazaar   | Bought a scroll of enchant weapon II for 55 gold pieces
 63383 | Bazaar   | Bought a choko for 4 gold pieces
 63395 | Bazaar   | Bought an ancient hand axe for 163 gold pieces
 63395 | Bazaar   | Bought a twisted great sword for 231 gold pieces
 63417 | Bazaar   | Bought a scroll of identify for 28 gold pieces
 63418 | Bazaar   | Identified the +2,+5 hand axe "Rutosuoc" {chop, +Blink} (You bought it in a shop in a bazaar)
 63419 | Bazaar   | Identified the +8,+2 great sword of Popular Demand {holy, Noisy rN+ Stlth+} (You bought it in a shop in a bazaar)
 63620 | Depths:1 | Gained mutation: Your flesh is cold resistant. [mutagenic meat]
 63805 | Depths:1 | Found a gateway to a ziggurat.
 64416 | Depths:1 | Noticed Aizul
 64439 | Depths:1 | Killed Aizul
 64780 | Depths:1 | Gained mutation: Your flesh is heat resistant. [evolution]
 65004 | Depths:1 | Reached XP level 20. HP: 84/108 MP: 16/41
 65095 | Depths:1 | Found a gateway to Hell.
 65139 | Hell     | Entered the Vestibule of Hell
 65141 | Hell     | Noticed Geryon
 65163 | Hell     | Demolished by a hell beast

Action                   |  1- 3 |  4- 6 |  7- 9 | 10-12 | 13-15 | 16-18 | 19-21 || total
-------------------------+-------+-------+-------+-------+-------+-------+-------++-------
Melee: Short sword       |    50 |     4 |    25 |       |       |       |       ||    79
       Sling             |       |       |     4 |       |       |       |       ||     4
       Flail             |       |       |       |    18 |    17 |       |       ||    35
       Quarterstaff      |       |       |       |     9 |       |       |       ||     9
       Trident           |       |       |       |     8 |       |       |       ||     8
       Spear             |       |       |       |     5 |    18 |       |       ||    23
       Unarmed           |       |       |       |     3 |       |       |       ||     3
       Staff             |       |       |       |       |       |     5 |     1 ||     6
       Cutlass           |       |       |       |       |       |   233 |       ||   233
       Long sword        |       |       |       |       |       |    77 |   282 ||   359
 Fire: Sling             |    66 |   177 |   367 |  1443 |  2336 |  2266 |   364 ||  7019
Throw: Stone             |       |       |       |       |       |     2 |       ||     2
 Cast: Agony             |       |       |       |     5 |    80 |   159 |     2 ||   246
       Corpse Rot        |       |       |       |     1 |     4 |     4 |       ||     9
       Repel Missiles    |       |       |       |       |     4 |    42 |    25 ||    71
       Swiftness         |       |       |       |       |       |     8 |     3 ||    11
       Flight            |       |       |       |       |       |     5 |       ||     5
       Portal Projectile |       |       |       |       |       |   170 |     5 ||   175
       Regeneration      |       |       |       |       |       |    57 |    35 ||    92
       Mephitic Cloud    |       |       |       |       |       |   113 |   104 ||   217
       Inner Flame       |       |       |       |       |       |     6 |       ||     6
       Summon Butterflie |       |       |       |       |       |     2 |       ||     2
       Ignite Poison     |       |       |       |       |       |    16 |       ||    16
       Summon Hydra      |       |       |       |       |       |       |    95 ||    95
Invok: Evolution         |       |       |       |    19 |    46 |    43 |    19 ||   127
       Sunlight          |       |       |       |    20 |    15 |     6 |     2 ||    43
       Growth            |       |       |       |       |     1 |     3 |     3 ||     7
       Reproduction      |       |       |       |       |     1 |     3 |       ||     4
       Rain              |       |       |       |       |     4 |     7 |     1 ||    12
 Abil: Evoke Teleport Co |       |       |       |       |       |       |     2 ||     2
       Evoke Blink       |       |       |       |       |       |       |     1 ||     1
Evoke: Wand              |       |       |     2 |     7 |     3 |    34 |    11 ||    57
       Lamp of fire      |       |       |       |       |       |     2 |     2 ||     4
       Rod               |       |       |       |       |       |     2 |       ||     2
       Fan of gales      |       |       |       |       |       |     1 |     2 ||     3
       Staff of energy   |       |       |       |       |       |       |     3 ||     3
  Use: Scroll            |       |     9 |     8 |    18 |     9 |    24 |    12 ||    80
       Potion            |       |     8 |     5 |    14 |     9 |    14 |    17 ||    67
 Stab: Sleeping          |     3 |       |       |     2 |     1 |     4 |     3 ||    13
       Confused          |       |       |       |       |       |     8 |    13 ||    21
       Distracted        |       |       |       |       |       |     4 |     2 ||     6
       Invisible         |       |       |       |       |       |     1 |     2 ||     3
